 Dungeon Crawl Stone Soup version 0.21.1-1-g345015f (webtiles) character file.

28 kae the Insei (level 3, -3/28 HPs)
             Began as a Gnoll Transmuter on May 31, 2018.
             Slain by an orc priest
             ... wielding a +0 flail
              (6 damage)
             ... on level 1 of the Dungeon.
             The game lasted 00:01:46 (1876 turns).

kae the Insei (Gnoll Transmuter)                    Turns: 1876, Time: 00:01:47

Health: -3/28      AC:  4    Str: 12    XL:     3   Next: 12%
Magic:  5/9        EV: 15    Int: 15    God:
Gold:   92         SH:  0    Dex: 16    Spells: 9/12 levels left

rFire    + . .     SeeInvis .   b - +0 club
rCold    . . .     Gourm    .   (no shield)
rNeg     . . .     Faith    .   i - +2 robe {rF+}
rPois    .         Spirit   .   (no helmet)
rElec    .         Reflect  .   (no cloak)
rCorr    .         Harm     .   (no gloves)
MR       .....                  (boots currently unavailable)
Stlth    ++........             h - amulet of inaccuracy (curse)
HPRegen  0.09/turn              (no ring)
MPRegen  0.11/turn              (no ring)

@: appendage
A: distributed training, fangs 1, talons 3, strong nose
a: End Transformation


You were on level 1 of the Dungeon.
You were not hungry.
You had grown temporary talons.
You visited 1 branch of the dungeon, and saw 2 of its levels.

You collected 92 gold pieces.

Inventory:

Hand Weapons
 b - a +0 club (weapon)
Missiles
 a - 26 arrows
Armour
 i - a +2 robe of fire resistance (worn)
Jewellery
 h - a cursed amulet of inaccuracy (around neck)
Scrolls
 g - a scroll of identify
Books
 c - a book of Changes

   Spells                             Type                      Level
   a - Beastly Appendage              Transmutation                1
   b - Sticks to Snakes               Transmutation                2
   c - Spider Form                    Transmutation/Poison         3
   d - Ice Form                       Ice/Transmutation            4
   e - Blade Hands                    Transmutation                5
Comestibles
 d - a ration


   Skills:
 + Level 2.5 Fighting
 + Level 0.6 Short Blades
 + Level 0.6 Long Blades
 + Level 0.6 Axes
 + Level 0.6 Maces & Flails
 + Level 0.6 Polearms
 + Level 0.6 Staves
 + Level 0.6 Slings
 + Level 0.6 Bows
 + Level 0.6 Crossbows
 + Level 0.6 Throwing
 + Level 0.6 Armour
 + Level 4.5 Dodging
 + Level 0.6 Stealth
 + Level 0.6 Shields
 + Level 6.5 Unarmed Combat
 + Level 5.0 Spellcasting
 + Level 0.4 Conjurations
 + Level 0.4 Hexes
 + Level 0.4 Charms
 + Level 0.4 Summonings
 + Level 0.4 Necromancy
 + Level 0.4 Translocations
 + Level 3.7 Transmutations
 + Level 0.4 Fire Magic
 + Level 0.4 Ice Magic
 + Level 0.4 Air Magic
 + Level 0.4 Earth Magic
 + Level 0.4 Poison Magic
 + Level 0.8 Invocations
 + Level 0.6 Evocations


You had 9 spell levels left.
You knew the following spells:

 Your Spells              Type           Power        Failure   Level  Hunger
a - Beastly Appendage     Tmut           ###...       3%          1    None
b - Sticks to Snakes      Tmut           ###.....     5%          2    ##.....


Dungeon Overview and Level Annotations

Branches:
Dungeon (2/15)

Altars:


Innate Abilities, Weirdness & Mutations

Your experience applies equally to all skills.
You have very sharp teeth.
Your uncanny sense of smell can sniff out nearby items.
You have claws for feet.


Message History

Your ball python constricts the orc priest.
The orc barely misses you. The orc priest barely misses you.
Your ball python bites the orc priest.
Your ball python constricts the orc priest.
The orc misses you. The orc priest barely misses you.
You climb upwards.
Your summoned ally is left behind.
There is a stone staircase leading down here.
Unknown command.
Unknown command.
Casting: Sticks to Snakes
Confirm with . or Enter, or press ? or * to list all spells.
Your feet morph into talons.
The orc priest invokes the aid of Beogh against you.
Pain shoots through your body!
* * * LOW HITPOINT WARNING * * *
Casting: Beastly Appendage
Confirm with . or Enter, or press ? or * to list all spells.
You create a snake!
You now have 26 arrows.
The orc priest hits you with a flail.
You die...

#....## ### ######......
#.####### #....'......
#.......# #.####......
#..###.########.# #......
#....#.#........# ##......
##.#.#.#.#####..# #.......
#######.#.#.#.#o..#..###.......
#(..)(..#...#S@........'.......
#.###########..[..#..###...##..
#.# ######.#.#..# #...#### #.#
#......#.#..# #...# #.#
#.####...#..# #...#
#.########.# #.###..# #...#
#..........# #.#.#..# #####
############ #.[.#..# #.......#
###.#..#


You could see an orc priest and a friendly adder.

Vanquished Creatures
  An ooze (D:1)
  3 bats
  3 hobgoblins (D:1)
  4 jackals (D:1)
  3 kobolds (D:1)
  A quokka (D:2)
  A frilled lizard (D:1)
  3 rats (D:1)
19 creatures vanquished.

Vanquished Creatures (collateral kills)
  An orc (D:1)
  A kobold (D:1)
2 creatures vanquished.

Grand Total: 21 creatures vanquished

Notes
Turn   | Place    | Note
-------+----------+-------------------------------------------
     0 | D:1      | kae the Gnoll Transmuter began the quest for the Orb.
     0 | D:1      | Reached XP level 1. HP: 17/17 MP: 6/6
    86 | D:1      | Reached XP level 2. HP: 17/23 MP: 7/7
   395 | D:1      | Learned a level 2 spell: Sticks to Snakes
  1042 | D:1      | Reached XP level 3. HP: 14/28 MP: 3/9
  1566 | D:1      | Reached skill level 5 in Spellcasting
  1876 | D:1      | Slain by an orc priest

Skill      XL: |  1  2  3 |
---------------+----------+-----
Spellcasting   | 5 |  5.0
Fighting       | |  2.5
Short Blades   | |  0.6
Long Blades    | |  0.6
Axes           | |  0.6
Maces & Flails | |  0.6
Polearms       | |  0.6
Staves         | |  0.6
Slings         | |  0.6
Bows           | |  0.6
Crossbows      | |  0.6
Throwing       | |  0.6
Armour         | |  0.6
Dodging        | |  4.5
Stealth        | |  0.6
Shields        | |  0.6
Unarmed Combat | |  6.5
Conjurations   | |  0.4
Hexes          | |  0.4
Charms         | |  0.4
Summonings     | |  0.4
Necromancy     | |  0.4
Translocations | |  0.4
Transmutations | |  3.7
Fire Magic     | |  0.4
Ice Magic      | |  0.4
Air Magic      | |  0.4
Earth Magic    | |  0.4
Poison Magic   | |  0.4
Invocations    | |  0.8
Evocations     | |  0.6

Action                   || total
-------------------------++-------
Melee: Unarmed           ||    59
       Bite              ||     8
       Club              ||    40
       Punch             ||     2
       Headbutt          ||     1
 Cast: Beastly Appendage ||     8
       Sticks to Snakes  ||     8
  Use: Scroll            ||     4
  Eat: Ration            ||     1
Armor: Robe              ||    26
Dodge: Dodged            ||   118
